MAA
ST. ALBERT PRODIGY @ BELVEDERE PARK RAWHIDES
08/23/2017
 
TOP OF THE 1ST
St. Albert Prodigy batting - Pitching for Belvedere Park Rawhides : RHP Gregory Gary
Pitching: RHP Gregory Gary
Batting: LHB Edward Carlson 0-0: Called Strike
0-1: Called Strike
0-2: Ball
1-2: Strikes out swinging
Batting: LHB Wallace James 0-0: Ball
1-0: Foul Ball, location: 2F
1-1: Called Strike
1-2: Ball
2-2: Ball
3-2: Strikes out swinging
Batting: RHB Nectanebos Dolenian 0-0: Foul Ball, location: 2F
0-1: Ball
1-1: Called Strike
1-2: Strikes out swinging
Top of the 1st over - 0 run(s), 0 hit(s), 0 error(s), 0 left on base; St. Albert 0 - Belvedere Park 0
BOTTOM OF THE 1ST
Belvedere Park Rawhides batting - Pitching for St. Albert Prodigy : LHP Jim Unknown
Pitching: LHP Jim Unknown
Batting: RHB Billy Strauss 0-0: Swinging Strike
0-1: Called Strike
0-2: Foul Ball, location: 2F
0-2: Foul Ball, location: 2F
0-2: Ball
1-2: Foul Ball, location: 2F
1-2: Ball
2-2: Strikes out looking
Batting: SHB Jared Robinson 0-0: Swinging Strike
0-1: Called Strike
0-2: Ball
1-2: Strikes out swinging
Batting: RHB Bob Dickerson 0-0: Ball
1-0: Called Strike
1-1: SOLO HOME RUN (Flyball, 78XD), Distance : 426 ft
Batting: RHB Eddy Baxter 0-0: Called Strike
0-1: Ball
1-1: Foul Ball, location: 2F
1-2: Fly out, F7 (Flyball, 7D)
Bottom of the 1st over - 1 run(s), 1 hit(s), 0 error(s), 0 left on base; St. Albert 0 - Belvedere Park 1
TOP OF THE 2ND
St. Albert Prodigy batting - Pitching for Belvedere Park Rawhides : RHP Gregory Gary
Batting: LHB John Rahilly 0-0: Ball
1-0: Swinging Strike
1-1: Ball
2-1: Fly out, F6 (Popup, 56)
Batting: RHB Jimmy Allen 0-0: Swinging Strike
0-1: Ball
1-1: Ball
2-1: Swinging Strike
2-2: Ball
3-2: Strikes out swinging
Batting: RHB Bruce Reiser 0-0: Ball
1-0: Foul Ball, location: 2F
1-1: Ball
2-1: Called Strike
2-2: Fly out, F7 (Flyball, 7LD)
Top of the 2nd over - 0 run(s), 0 hit(s), 0 error(s), 0 left on base; St. Albert 0 - Belvedere Park 1
BOTTOM OF THE 2ND
Belvedere Park Rawhides batting - Pitching for St. Albert Prodigy : LHP Jim Unknown
Batting: LHB José Estrada 0-0: Called Strike
0-1: Ball
1-1: SINGLE (Groundball, 5D)
Batting: SHB José Salazar 0-0: Ball
1-0: Ball
2-0: Swinging Strike
2-1: Swinging Strike
2-2: Ball
3-2: Base on Balls
José Estrada to second
Batting: LHB Dennis O'Connor 0-0: Called Strike
0-1: Ball
1-1: Ball
2-1: Swinging Strike
2-2: Foul Ball, location: 2F
2-2: Foul Ball, location: 2F
2-2: Ground out 3-1 (Groundball, 34)
José Estrada to third
José Salazar to second
Batting: RHB Roy Volpe 0-0: Ball
1-0: Ball
2-0: Called Strike
2-1: Swinging Strike
2-2: Fly out, F9 (Line Drive, 9M)
Batting: RHB Phil Hayes 0-0: Ball
1-0: DOUBLE (Line Drive, 89M)
José Estrada scores
José Salazar scores
Batting: RHB Billy Strauss 0-0: Ball
1-0: Ball
2-0: Called Strike
2-1: Reached on error, E5 (Groundball, 56)
Phil Hayes to third
Batting: SHB Jared Robinson 0-0: Called Strike
0-1: Ball
1-1: Fielders Choice at 2nd, U4 (Groundball, 4M)
Bottom of the 2nd over - 2 run(s), 2 hit(s), 1 error(s), 2 left on base; St. Albert 0 - Belvedere Park 3
TOP OF THE 3RD
St. Albert Prodigy batting - Pitching for Belvedere Park Rawhides : RHP Gregory Gary
Batting: RHB Larry Mason 0-0: Ball
1-0: Ball
2-0: Ball
3-0: Base on Balls
Batting: RHB Anthony Trujillo 0-0: Ball
1-0: Ball
2-0: Ball
3-0: Called Strike
3-1: Base on Balls
Larry Mason to second
Batting: RHB Jim Unknown 0-0: Ball
1-0: Called Strike
1-1: Foul Ball, location: 2F
1-2: SINGLE (Line Drive, 8RS)
Larry Mason to third
Anthony Trujillo to second
Runner from 3rd tries for Home, throw and OUT!
Batting: LHB Edward Carlson 0-0: Called Strike
0-1: Ball
1-1: Foul Ball, location: 2F
1-2: Reached on error, E6 (Groundball, 6MS)
Anthony Trujillo scores
Jim Unknown to third
Batting: LHB Wallace James 0-0: Ball
1-0: Foul Ball, location: 2F
1-1: Ball
2-1: Foul Ball, location: 2F
2-2: Hit by Pitch
Batting: RHB Nectanebos Dolenian 0-0: Ball
1-0: Swinging Strike
1-1: Foul Ball, location: 2F
1-2: Ball
2-2: Strikes out swinging
Batting: LHB John Rahilly 0-0: Ball
1-0: Ball
2-0: Called Strike
2-1: Fly out, F8 (Flyball, 8RM)
Top of the 3rd over - 1 run(s), 1 hit(s), 1 error(s), 3 left on base; St. Albert 1 - Belvedere Park 3
BOTTOM OF THE 3RD
Belvedere Park Rawhides batting - Pitching for St. Albert Prodigy : LHP Jim Unknown
Batting: RHB Bob Dickerson 0-0: Ball
1-0: Foul Ball, location: 2F
1-1: Foul Ball, location: 2F
1-2: Foul Ball, location: 2F
1-2: Ground out 4-3 (Groundball, 4M)
Batting: RHB Eddy Baxter 0-0: Ball
1-0: Fly out, F9 (Flyball, 89S)
Batting: LHB José Estrada 0-0: Ball
1-0: Fly out, F7 (Flyball, 78M)
Bottom of the 3rd over - 0 run(s), 0 hit(s), 0 error(s), 0 left on base; St. Albert 1 - Belvedere Park 3
TOP OF THE 4TH
St. Albert Prodigy batting - Pitching for Belvedere Park Rawhides : RHP Gregory Gary
Batting: RHB Jimmy Allen 0-0: Ball
1-0: Called Strike
1-1: Swinging Strike
1-2: Ball
2-2: Fly out, F7 (Flyball, 78D)
Batting: RHB Bruce Reiser 0-0: Ball
1-0: Ball
2-0: DOUBLE (Line Drive, 8RM)
Batting: RHB Larry Mason 0-0: SINGLE (Groundball, 6MD)
Bruce Reiser to third
Runner from 3rd tries for Home, SAFE, no throw or cutoff
Batting: RHB Anthony Trujillo 0-0: Ball
1-0: SINGLE (Line Drive, 8RS)
Larry Mason to second
Batting: RHB Jim Unknown 0-0: SINGLE (Line Drive, 89S)
Larry Mason to third
Anthony Trujillo to second
Batting: LHB Edward Carlson 0-0: Ball
1-0: Ball
2-0: Swinging Strike
2-1: Called Strike
2-2: Ball
3-2: Fly out, F8 (Flyball, 8RM)
Batting: LHB Wallace James 0-0: Ball
1-0: Ball
2-0: Called Strike
2-1: Ball
3-1: Base on Balls
Larry Mason scores
Anthony Trujillo to third
Jim Unknown to second
Batting: RHB Nectanebos Dolenian 0-0: Called Strike
0-1: Swinging Strike
0-2: Strikes out swinging
Top of the 4th over - 2 run(s), 4 hit(s), 0 error(s), 3 left on base; St. Albert 3 - Belvedere Park 3
BOTTOM OF THE 4TH
Belvedere Park Rawhides batting - Pitching for St. Albert Prodigy : LHP Jim Unknown
Batting: SHB José Salazar 0-0: Called Strike
0-1: Swinging Strike
0-2: Ball
1-2: Ground out 4-3 (Groundball, 34)
Batting: LHB Dennis O'Connor 0-0: Ground out 3-1 (Groundball, 34)
Batting: RHB Roy Volpe 0-0: Called Strike
0-1: Ball
1-1: Swinging Strike
1-2: Ground out 5-3 (Groundball, 5S)
Bottom of the 4th over - 0 run(s), 0 hit(s), 0 error(s), 0 left on base; St. Albert 3 - Belvedere Park 3
TOP OF THE 5TH
St. Albert Prodigy batting - Pitching for Belvedere Park Rawhides : RHP Gregory Gary
Batting: LHB John Rahilly 0-0: Called Strike
0-1: Ball
1-1: Swinging Strike
1-2: Ball
2-2: Ball
3-2: Strikes out looking
Batting: RHB Jimmy Allen 0-0: Foul Ball, location: 2F
0-1: Swinging Strike
0-2: Ball
1-2: Ball
2-2: Fly out, F9 (Popup, 4D)
Batting: RHB Bruce Reiser 0-0: Called Strike
0-1: Called Strike
0-2: Ball
1-2: Ball
2-2: Strikes out swinging
Top of the 5th over - 0 run(s), 0 hit(s), 0 error(s), 0 left on base; St. Albert 3 - Belvedere Park 3
BOTTOM OF THE 5TH
Belvedere Park Rawhides batting - Pitching for St. Albert Prodigy : LHP Jim Unknown
Batting: RHB Phil Hayes 0-0: Ground out 6-3 (Groundball, 6)
Batting: RHB Billy Strauss 0-0: Ball
1-0: Swinging Strike
1-1: Ball
2-1: Called Strike
2-2: Foul Ball, location: 2F
2-2: Strikes out swinging
Batting: SHB Jared Robinson 0-0: Swinging Strike
0-1: Swinging Strike
0-2: Ball
1-2: Ball
2-2: Strikes out swinging
Bottom of the 5th over - 0 run(s), 0 hit(s), 0 error(s), 0 left on base; St. Albert 3 - Belvedere Park 3
TOP OF THE 6TH
St. Albert Prodigy batting - Pitching for Belvedere Park Rawhides : RHP Gregory Gary
Batting: RHB Larry Mason 0-0: Ball
1-0: Ball
2-0: SINGLE (Groundball, 56D)
Pitching: LHP Jay Smith
Batting: RHB Anthony Trujillo 0-0: Bunted foul
0-1: Bunted foul
0-2: Ball
1-2: Ball
2-2: Foul Ball, location: 2F
2-2: Ball
3-2: DOUBLE (Flyball, 89M)
Larry Mason to third
Batting: RHB Jim Unknown 0-0: Intentional Walk
Batting: LHB Edward Carlson 0-0: Called Strike
0-1: Called Strike
0-2: Foul Ball, location: 2F
0-2: Fly out, F6 (Line Drive, 6)
Batting: LHB Wallace James 0-0: Called Strike
0-1: Ball
1-1: Ball
2-1: Foul Ball, location: 2F
2-2: Ball
3-2: SINGLE (Groundball, 34D)
Larry Mason scores
Anthony Trujillo to third
Jim Unknown to second
Runner from 3rd tries for Home, SAFE, no throw or cutoff
Batting: RHB Nectanebos Dolenian 0-0: Foul Ball, location: 2F
0-1: Called Strike
0-2: Ball
1-2: Strikes out swinging
Batting: LHB John Rahilly 0-0: Called Strike
0-1: Ball
1-1: Fly out, F4 (Popup, 4M)
Top of the 6th over - 2 run(s), 3 hit(s), 0 error(s), 2 left on base; St. Albert 5 - Belvedere Park 3
BOTTOM OF THE 6TH
Belvedere Park Rawhides batting - Pitching for St. Albert Prodigy : LHP Jim Unknown
Batting: RHB Bob Dickerson 0-0: Fly out, F8 (Flyball, 8LM)
Batting: RHB Eddy Baxter 0-0: Ball
1-0: DOUBLE (Line Drive, 7LS)
Batting: LHB José Estrada 0-0: Ground out 6-3 (Groundball, 6M)
Eddy Baxter to third
Batting: SHB José Salazar 0-0: Ball
1-0: Foul Ball, location: 2F
1-1: Ball
2-1: Foul Ball, location: 2F
2-2: Ground out 5-3 (Groundball, 56S)
Bottom of the 6th over - 0 run(s), 1 hit(s), 0 error(s), 1 left on base; St. Albert 5 - Belvedere Park 3
TOP OF THE 7TH
St. Albert Prodigy batting - Pitching for Belvedere Park Rawhides : LHP Jay Smith
Batting: RHB Jimmy Allen 0-0: Foul Ball, location: 2F
0-1: Ball
1-1: Ball
2-1: Swinging Strike
2-2: SINGLE (Groundball, 34D)
Batting: RHB Bruce Reiser 0-0: Bunted foul
0-1: Bunted foul
0-2: Foul Ball, location: 2F
0-2: Grounds into double play, 6-4-3 (Groundball, 6)
Batting: RHB Larry Mason 0-0: Called Strike
0-1: Foul Ball, location: 2F
0-2: Ball
1-2: SINGLE (Line Drive, 78M)
Batting: RHB Anthony Trujillo 0-0: Ball
1-0: Ball
2-0: Ball
3-0: Base on Balls
Larry Mason to second
Batting: RHB Jim Unknown 0-0: Ball
1-0: Swinging Strike
1-1: Ball
2-1: Ball
3-1: Base on Balls
Larry Mason to third
Anthony Trujillo to second
Pitching: LHP Jonathon Baker
Pinch Hitting: SHB Jim Unknown 0-0: Ball
1-0: Called Strike
1-1: Swinging Strike
1-2: Foul Ball, location: 2F
1-2: Strikes out swinging
Top of the 7th over - 0 run(s), 2 hit(s), 0 error(s), 3 left on base; St. Albert 5 - Belvedere Park 3
BOTTOM OF THE 7TH
Belvedere Park Rawhides batting - Pitching for St. Albert Prodigy : LHP Jim Unknown
Now in RF: António Pineda
Batting: LHB Dennis O'Connor 0-0: Ball
1-0: SINGLE (Groundball, 34)
Batting: RHB Roy Volpe 0-0: Ball
1-0: Fielders Choice at 2nd, 5-4 (Groundball, 56)
Batting: RHB Phil Hayes 0-0: Foul Ball, location: 2F
0-1: Called Strike
0-2: Grounds into double play, 6-4-3 (Groundball, 6D)
Bottom of the 7th over - 0 run(s), 1 hit(s), 0 error(s), 0 left on base; St. Albert 5 - Belvedere Park 3
TOP OF THE 8TH
St. Albert Prodigy batting - Pitching for Belvedere Park Rawhides : LHP Jonathon Baker
Pitching: LHP Christian Walsh
Batting: LHB Wallace James 0-0: SOLO HOME RUN (Flyball, 9D), Distance : 385 ft
Batting: RHB Nectanebos Dolenian 0-0: Ball
1-0: Called Strike
1-1: Ground out 1-3 (Groundball, 15S)
Batting: LHB John Rahilly 0-0: Swinging Strike
0-1: Ground out 6-3 (Groundball, 6)
Batting: RHB Jimmy Allen 0-0: Called Strike
0-1: Reached on Error, E5 (Popup, 15)
Batting: RHB Bruce Reiser 0-0: Ball
1-0: Ball
2-0: SINGLE (Groundball, 6MD)
Jimmy Allen to second
Runner from 2nd tries for 3rd, SAFE, no throw or cutoff
Batting: RHB Larry Mason 0-0: Called Strike
0-1: Swinging Strike
0-2: Foul Ball, location: 2F
0-2: Ball
1-2: SINGLE (Groundball, 56D)
Jimmy Allen scores
Bruce Reiser to second
Batting: RHB Anthony Trujillo 0-0: Called Strike
0-1: Swinging Strike
0-2: SINGLE (Line Drive, 4)
Bruce Reiser to third
Larry Mason to second
Runner from 3rd tries for Home, SAFE, no throw or cutoff
Pitching: RHP Paul Abbott
Batting: RHB Jim Unknown 0-0: Ball
1-0: 3-RUN HOME RUN (Line Drive, 78XD), Distance : 431 ft
Batting: LHB António Pineda 0-0: Ball
1-0: Called Strike
1-1: Swinging Strike
1-2: Ball
2-2: Strikes out swinging
Top of the 8th over - 6 run(s), 5 hit(s), 1 error(s), 0 left on base; St. Albert 11 - Belvedere Park 3
BOTTOM OF THE 8TH
Belvedere Park Rawhides batting - Pitching for St. Albert Prodigy : LHP Jim Unknown
Batting: RHB Billy Strauss 0-0: Ball
1-0: SINGLE (Groundball, 56D)
Batting: SHB Jared Robinson 0-0: Fielders Choice at 2nd, 6-4 (Groundball, 6M)
Batting: RHB Bob Dickerson 0-0: Called Strike
0-1: Fly out, F8 (Line Drive, 8LD)
Batting: RHB Eddy Baxter 0-0: Ball
1-0: Called Strike
1-1: Foul Ball, location: 2F
1-2: SINGLE (Line Drive, 78S)
Jared Robinson to second
Batting: LHB José Estrada 0-0: Called Strike
0-1: Swinging Strike
0-2: Ball
1-2: Strikes out looking
Bottom of the 8th over - 0 run(s), 2 hit(s), 0 error(s), 2 left on base; St. Albert 11 - Belvedere Park 3
TOP OF THE 9TH
St. Albert Prodigy batting - Pitching for Belvedere Park Rawhides : RHP Paul Abbott
Pitching: RHP Jim Unknown
Batting: LHB Wallace James 0-0: Foul Ball, location: 2F
0-1: Fly out, F8 (Flyball, 8LM)
Batting: RHB Nectanebos Dolenian 0-0: Ball
1-0: Ball
2-0: SINGLE (Groundball, 34)
Batting: LHB John Rahilly 0-0: Ball
1-0: Called Strike
1-1: Called Strike
1-2: Ball
2-2: Strikes out swinging
Batting: RHB Jimmy Allen 0-0: Ball
Nectanebos Dolenian steals 2nd base
1-0: SINGLE (Line Drive, 56D)
Nectanebos Dolenian to third
Runner from 3rd tries for Home, SAFE, no throw or cutoff
Batting: RHB Bruce Reiser 0-0: Called Strike
0-1: Ball
1-1: Ball
2-1: Called Strike
2-2: Fielders Choice at 2nd, U4 (Groundball, 4M)
Top of the 9th over - 1 run(s), 2 hit(s), 0 error(s), 1 left on base; St. Albert 12 - Belvedere Park 3
BOTTOM OF THE 9TH
Belvedere Park Rawhides batting - Pitching for St. Albert Prodigy : LHP Jim Unknown
Pitching: LHP Manuel Ortíz
Batting: SHB José Salazar 0-0: Called Strike
0-1: Swinging Strike
0-2: Ball
1-2: DOUBLE (Groundball, 5L)
Batting: LHB Dennis O'Connor 0-0: Called Strike
0-1: Foul Ball, location: 2F
0-2: Foul Ball, location: 2F
0-2: SINGLE (Groundball, 5D)
José Salazar to third
Batting: RHB Roy Volpe 0-0: Ball
1-0: Ball
2-0: Called Strike
2-1: SINGLE (Groundball, 15) (infield hit)
Dennis O'Connor to second
Batting: RHB Phil Hayes 0-0: Ball
1-0: Called Strike
1-1: Swinging Strike
1-2: Strikes out looking
Batting: RHB Billy Strauss 0-0: Called Strike
0-1: Foul Ball, location: 2F
0-2: Strikes out swinging
Batting: SHB Jared Robinson 0-0: Swinging Strike
0-1: Ball
1-1: Foul Ball, location: 2F
1-2: Ball
2-2: Ball
3-2: Strikes out swinging
Bottom of the 9th over - 0 run(s), 3 hit(s), 0 error(s), 3 left on base; St. Albert 12 - Belvedere Park 3
This league is powered by Out of the Park Baseball, the baseball management simulation game for PC, Mac and Linux
Saturday, February 27th, 2021 - OOTP Baseball 15.6 Build 34